 Dungeon Crawl Stone Soup version 0.19-a0-722-g27ac516 (webtiles) character file.

1155 SirSavien the Sneak (level 8, -1/56 HPs)
             Began as an Octopode Monk on June 21, 2016.
             Shot with an arrow by a centaur (7 damage)
             ... on level 6 of the Dungeon.
             The game lasted 00:09:47 (5662 turns).

SirSavien the Sneak (Octopode Monk)                 Turns: 5662, Time: 00:09:47

Health: -1/56      AC:  1    Str: 10    XL:     8   Next: 39%
Magic:  8/8        EV: 20    Int: 12    God:
Gold:   243        SH:  0    Dex: 17    Spells: 0 memorised, 7 levels left

rFire  . . .     SeeInvis .       - Unarmed
rCold  . . .     Gourm    .     (no shield)
rNeg   . . .     Faith    .     (helmet restricted)
rPois  .         Spirit   .     (no amulet)
rElec  .         Dismiss  .     o - +4 ring of evasion
rCorr  .         Reflect  .     (no ring)
SustAt .         Harm     .     (no ring)
MR     .....                    (no ring)
Stlth  +++++.....               (no ring)
                                (no ring)
                                (no ring)
                                (no ring)

@: not resistant to hostile enchantments, quite stealthy
A: almost no armour, amphibious, 8 rings, constrict 8, camouflage 1, gelatinous
body 1
a: no special abilities


You were on level 6 of the Dungeon.
You were near starving.

You visited 1 branch of the dungeon, and saw 6 of its levels.

You collected 243 gold pieces.

Inventory:

Jewellery
 o - a +4 ring of evasion (left tentacle)
Scrolls
 f - a scroll of magic mapping
 i - a scroll of teleportation {unknown}
 l - a scroll of enchant armour {unknown}
 q - a scroll of blinking {unknown}
 r - 3 scrolls of fear
Potions
 c - a potion of agility
 d - 2 potions of invisibility
 e - 2 potions of mutation {unknown}
 g - 3 potions of curing
 k - a potion of cure mutation {unknown}
 p - 3 potions of flight {unknown}
Books
 h - the Disquisition on the Rocks and Weightlessness
   (You found it on level 5 of the Dungeon)

   Spells                             Type                      Level
   a - Shock                          Conjuration/Air              1
   b - Repel Missiles                 Charms/Air                   2
   c - Passwall                       Transmutation/Earth          2
   d - Leda's Liquefaction            Hexes/Earth                  4
   e - Lee's Rapid Deconstruction     Earth                        5
   f - Silence                        Hexes/Air                    5
Comestibles
 a - 5 bread rations
 b - a royal jelly
 j - a beef jerky
 m - 5 fruits
 n - a slice of pizza


   Skills:
 + Level 5.6 Fighting
 + Level 5.8 Dodging
 + Level 7.2 Stealth
 + Level 5.7 Unarmed Combat


You had 7 spell levels left.
You didn't know any spells.

Dungeon Overview and Level Annotations

Branches:
Dungeon (6/15)
 Temple: D:4-7

Altars:
Elyvilon
Fedhas
Yredelemnul


Innate Abilities, Weirdness & Mutations

You cannot wear most types of armour.
You are amphibious.
You can wear up to eight rings at the same time.
You can use your tentacles to constrict eight enemies at once.
Your skin changes colour to match your surroundings (Stealth+).
Your rubbery body absorbs attacks. (AC +1)


Message History

The centaur shoots an arrow.
The arrow hits you!
There is a stone staircase leading up, spattered with blood here.
You see here an arrow.
The centaur shoots an arrow.
The arrow completely misses you.
A jelly comes into view.
The jelly quivers.
The centaur unwields an uncursed shortbow.
The centaur closely misses you. The centaur hits you!
You tentacle-slap the centaur but do no damage.
The centaur misses you.
You barely miss the centaur. The centaur hits you!
* * * LOW HITPOINT WARNING * * *
You are too injured to fight recklessly!
You are too injured to fight recklessly!
The centaur wields an uncursed shortbow.
The centaur shoots an arrow.
The arrow hits you!
* * * LOW HITPOINT WARNING * * *
You see here an arrow.
The centaur shoots an arrow.
The arrow hits you!
You die...

#....# ##...##
..... ###.....##
#....###...##...#
#.>...#####..#
##...## #..#
#..## #.## #..#
#.# #..# #(##
#..# #(@# #..#
#.(## #..## ##..#
######...#
#..c..#
#......>##
##.J..# #########
##...# #...# ...#
....


You could see a centaur and a jelly.

Vanquished Creatures
  2 ogres (D:5)
  A phantom (D:5)
  2 centaurs
  Blork the orc (D:5)
  A scorpion (D:4)
  3 howler monkeys
  2 crimson imps (D:5)
  A giant frog zombie (D:5)
  A hound (D:4)
  2 orc priests (D:5)
  An iguana (D:4)
  An orc wizard (D:5)
  2 worker ants (D:5)
  A hound zombie (D:5)
  8 adders
  A shadow imp (D:5)
  2 oozes
  2 adder skeletons
  6 worms
  A dart slug (D:1)
  3 giant geckos
  10 orcs
  4 giant cockroaches
  13 goblins
  9 hobgoblins
  4 jackals
  2 quokkas
  A ball python (D:3)
  4 bats
  7 giant newts
  8 kobolds
  9 rats
115 creatures vanquished.

Notes
Turn   | Place    | Note
--------------------------------------------------------------
     0 | D:1      | SirSavien the Octopode Monk began the quest for the Orb.
     0 | D:1      | Reached XP level 1. HP: 16/16 MP: 1/1
   207 | D:1      | Reached XP level 2. HP: 20/21 MP: 2/2
   818 | D:2      | Reached XP level 3. HP: 26/26 MP: 3/3
   853 | D:2      | Reached skill level 3 in Stealth
  1110 | D:2      | Reached XP level 4. HP: 32/32 MP: 4/4
  1581 | D:3      | Reached skill level 4 in Stealth
  1674 | D:3      | Found a white marble altar of Elyvilon.
  1745 | D:3      | Reached XP level 5. HP: 37/37 MP: 5/5
  2046 | D:3      | Found a basalt altar of Yredelemnul.
  2700 | D:4      | Reached XP level 6. HP: 36/43 MP: 6/6
  3191 | D:4      | Reached skill level 5 in Stealth
  3353 | D:5      | Entered Level 5 of the Dungeon
  3369 | D:5      | Noticed Blork the orc
  3378 | D:5      | Killed Blork the orc
  3383 | D:5      | Reached XP level 7. HP: 14/49 MP: 7/7
  3978 | D:5      | Reached skill level 5 in Dodging
  4038 | D:5      | Reached skill level 6 in Stealth
  4052 | D:5      | Reached skill level 5 in Fighting
  4052 | D:5      | Reached skill level 5 in Unarmed Combat
  4559 | D:5      | Reached XP level 8. HP: 16/55 MP: 8/8
  5302 | D:5      | Identified the Disquisition on the Rocks and Weightlessness
  5336 | D:5      | Reached skill level 7 in Stealth
  5546 | D:6      | Found a blossoming altar of Fedhas.
  5662 | D:6      | Shot with an arrow by a centaur

Vault maps used:
D:1:      dpeg_arrival_oval, minmay_door_square
D:3:      kennysheep_ying_yang
D:4:      kennysheep_the_goblin_king
D:5:      first_bread, patterned_corridor, uniq_blork_the_orc
D:6:      grunt_temple_overflow_forces_of_nature, fedhas_altar_fruit_tree

Skill      XL: |  1  2  3  4  5  6  7  8 |
---------------+-------------------------+-----
Stealth        | 3 4 5 6 7 |  7.2
Dodging        | 4 5 |  5.8
Fighting       | 4 5 |  5.6
Unarmed Combat | 4 5 |  5.7

Action                   |  1- 3 |  4- 6 |  7- 9 || total
-------------------------+-------+-------+-------++-------
Melee: Unarmed           |    58 |   120 |   121 ||   299
       Constrict         |    20 |    33 |    23 ||    76
       Tentacles         |    14 |    31 |    28 ||    73
       Punch             |     1 |     4 |     6 ||    11
  Use: Scroll            |       |     5 |     3 ||     8
 Stab: Sleeping          |     9 |    21 |     5 ||    35
       Distracted        |       |       |     2 ||     2
  Eat: Chunk             |     1 |     7 |     5 ||    13
Armor: Skin              |     3 |     4 |     2 ||     9
Dodge: Dodged            |    24 |    69 |    89 ||   182
